 Dungeon Crawl Stone Soup version 0.20.1-1-g8b1a95d (console) character file.

589 hilaritas the Cudgeler (level 7, -12/112 HPs)
             Began as an Ogre Berserker on Nov 24, 2017.
             Was a Priest of Trog.
             Killed by divine providence
             ... invoked by an orc priest
              (14 damage)
             ... on level 4 of the Dungeon on Nov 25, 2017.
             The game lasted 00:12:46 (6112 turns).

hilaritas the Cudgeler (Ogre Berserker)             Turns: 6112, Time: 00:12:47

Health: -12/112    AC:  5    Str: 29    XL:     7   Next: 38%
Magic:  7/7        EV: 10    Int:  8    God:    Trog [***...]
Gold:   157        SH:  0    Dex:  6    Spells: 6/6 levels left

rFire    + . .     SeeInvis .   a - +1 mace
rCold    . . .     Gourm    .   (no shield)
rNeg     . . .     Faith    +   b - +1 animal skin
rPois    .         Spirit   .   (helmet restricted)
rElec    .         Reflect  .   (no cloak)
rCorr    .         Harm     .   (gloves unavailable)
MR       ++...                  (boots unavailable)
Stlth    ..........             o - amulet of faith
Regen    1.3/turn               (no ring)
MPRegen  0.1/turn               t - ring of protection from fire

@: berserking, regenerating, very quick
A: unfitting armour, horns 1, clumsy 1, shaggy fur 1, tough skin 1, sturdy frame
1
a: Berserk, Trog's Hand, Burn Spellbooks, Renounce Religion


You were on level 4 of the Dungeon.
You worshipped Trog.
Trog was most pleased with you.
You were hungry.

You visited 1 branch of the dungeon, and saw 4 of its levels.
You also visited: Sewer.

You collected 157 gold pieces.

Inventory:

Hand Weapons
 a - a +1 mace (weapon)
Armour
 b - a +1 animal skin (worn)
Jewellery
 o - an amulet of faith (around neck)
 t - a ring of protection from fire (right hand)
Scrolls
 d - 2 scrolls of magic mapping
 g - 3 scrolls of identify
 m - 2 scrolls of recharging
 n - a scroll of enchant weapon
 s - a scroll of teleportation
Potions
 e - 3 potions of flight
 j - a potion of curing {unknown}
 l - 2 potions of mutation
 p - 3 potions of magic {unknown}
 x - a potion of degeneration {unknown}
 z - 2 potions of heal wounds
Comestibles
 c - 2 bread rations
 f - 4 chunks of flesh
 k - 3 royal jellies


   Skills:
 + Level 6.1 Fighting
 * Level 6.8 Maces & Flails
 - Level 2.6 Dodging


You had 6 spell levels left.
You didn't know any spells.

Dungeon Overview and Level Annotations

Branches:
Dungeon (4/15)
 Temple: D:4-7

Altars:
Xom


Innate Abilities, Weirdness & Mutations

You are too large for most types of armour.
You have tough skin. (AC +1)
You have a pair of small horns on your head.
You are clumsy. (Dex -2)
You are covered in fur. (AC +1)
Your movements are slightly less encumbered by armour. (ER -2)


Message History

* * * LOW HITPOINT WARNING * * *
The hippogriff barely misses you.
A red film seems to cover your vision as you go berserk!
You feel yourself moving faster!
You feel mighty!
You are feeling hungry.
The hippogriff bites you.
* * * LOW HITPOINT WARNING * * *
The hippogriff barely misses you. The hippogriff claws you.
* * * LOW HITPOINT WARNING * * *
You closely miss the hippogriff. Your headbutt misses the hippogriff.
The hippogriff is lightly wounded.
You closely miss the hippogriff.
The hippogriff is lightly wounded.
The hippogriff closely misses you. The hippogriff pecks you.
* * * LOW HITPOINT WARNING * * *
The hippogriff claws you!
* * * LOW HITPOINT WARNING * * *
The orc priest mumbles some strange prayers to Beogh against you.
Beogh smites you!
You die...

*******,*,,,#.............#
**###+###.##............#
*,$.......#.............#
*,........#.##'##.......#
*,.oo.o...#.##.##.......#
*,,...o...#...###.......#
*,,,,.....###.# #.......#
*******#.o###.# #########
#oo....###### #H#.........#
#@#.........#
**############.#.........#
*,.......................# ####
*,...........#...........# #...
*,...........#...........# #...
*,...........##..........# #...
*,.......................# #...
*,..........###.....#'######...
*,..........###.#.#.#.....##...
*,............#.>.#.###....#...
*,............#####.###.#......


You could see a hippogriff, an orc priest, an orc wizard and an orc.

Vanquished Creatures
  A big kobold (Sewer)
  A scorpion (D:4)
  The ghost of ak87 the Firebug, a weakling DgFE (D:3)
  A bullfrog skeleton (D:4)
  A hound (D:4)
  Natasha (twice) (D:3)
  An iguana (D:4)
  An orc wizard (D:3)
  A worker ant (D:4)
  Robin (D:2)
  A howler monkey skeleton (D:4)
  7 adders
  5 river rats
  4 worms
  A dart slug (D:1)
  4 leopard geckos
  5 orcs
  A ball python (D:4)
  3 giant cockroaches
  11 goblins
  17 hobgoblins
  6 jackals
  2 quokkas
  5 bats
  7 frilled lizards
  A jackal skeleton (D:4)
  8 kobolds
  14 rats
113 creatures vanquished.

Notes
Turn   | Place    | Note
-------+----------+-------------------------------------------
     0 | D:1      | hilaritas the Ogre Berserker began the quest for the Orb.
     0 | D:1      | Reached XP level 1. HP: 24/24 MP: 1/1
   234 | D:1      | Reached XP level 2. HP: 32/32 MP: 2/2
   609 | D:1      | Reached XP level 3. HP: 23/40 MP: 3/3
  1405 | D:2      | Reached ** piety under Trog
  1507 | D:2      | Found a shimmering altar of Xom.
  1553 | D:2      | Reached XP level 4. HP: 39/49 MP: 4/4
  1720 | D:2      | Noticed Robin
  1750 | D:2      | Gained mutation: You have a pair of small horns on your head. [potion of mutation]
  1750 | D:2      | Gained mutation: You are clumsy. (Dex -2) [potion of mutation]
  1750 | D:2      | Gained mutation: You are covered in fur. (AC +1) [potion of mutation]
  1750 | D:2      | Gained mutation: Your movements are slightly less encumbered by armour. (ER -2) [potion of mutation]
  1770 | D:2      | Killed Robin
  2199 | D:3      | Noticed ak87's ghost (weakling DgFE)
  2212 | D:3      | Killed ak87's ghost
  2212 | D:3      | Reached XP level 5. HP: 30/55 MP: 5/5
  2792 | D:3      | Reached skill level 5 in Maces & Flails
  2915 | D:3      | Reached skill level 5 in Fighting
  2986 | D:3      | Noticed Natasha
  2992 | D:3      | Killed Natasha
  3227 | D:3      | Noticed Natasha
  3237 | D:3      | Killed Natasha
  4278 | D:3      | Reached *** piety under Trog
  4278 | D:3      | Reached XP level 6. HP: 66/66 MP: 6/6
  5007 | D:4      | Found a glowing drain.
  5012 | Sewer    | Entered a sewer
  5264 | Sewer    | Reached XP level 7. HP: 47/74 MP: 7/7
  5420 | Sewer    | Found a white marble altar of Elyvilon.
  6093 | D:4      | Noticed a hippogriff
  6112 | D:4      | HP: 2/112 [hippogriff (9)]
  6112 | D:4      | Killed from afar by an orc priest

Skill      XL: |  1  2  3  4  5  6  7 |
---------------+----------------------+-----
Maces & Flails | 3 4 5 6 |  6.8
Fighting       | 5 6 |  6.1
Dodging        | |  2.6

Action                   |  1- 3 |  4- 6 |  7- 9 || total
-------------------------+-------+-------+-------++-------
Melee: Mace              |   110 |   253 |    48 ||   411
       Headbutt          |       |    26 |     5 ||    31
Invok: Trog's Hand       |       |     6 |     1 ||     7
       Berserk           |       |     3 |     1 ||     4
  Use: Potion            |       |     3 |       ||     3
       Scroll            |       |     1 |     7 ||     8
  Eat: Chunk             |     2 |    14 |     4 ||    20
       Fruit             |       |     3 |       ||     3
Armor: Animal skin       |    37 |    60 |    13 ||   110
Dodge: Dodged            |    70 |   141 |    38 ||   249
